 Dungeon Crawl Stone Soup version 0.21-a0-522-ga8338f09a8 (webtiles) character file.

167 JackS81 the Insei (level 5, -2/25 HPs)
             Began as a Vine Stalker Transmuter on Dec 6, 2017.
             Was an Initiate of Kikubaaqudgha.
             Killed from afar by Ivernyr's ghost (4 damage)
             ... with a magic dart
             ... on level 4 of the Dungeon.
             The game lasted 00:14:13 (3020 turns).

JackS81 the Insei (Vine Stalker Transmuter)         Turns: 3020, Time: 00:14:16

Health: -2/25      AC:  4    Str: 12    XL:     5   Next: 48%
Magic:  0/9        EV: 12    Int: 14    God:    Kikubaaqudgha [......]
Gold:   151        SH:  0    Dex: 15    Spells: 2/8 levels left

rFire    . . .     SeeInvis .     - Unarmed
rCold    . . .     Gourm    .   (no shield)
rNeg     . . .     Faith    .   b - +0 robe
rPois    .         Spirit   +   (no helmet)
rElec    .         Reflect  .   (no cloak)
rCorr    .         Harm     .   y - +0 pair of gloves
MR       .....                  x - +0 pair of boots
Stlth    ++........             (no amulet)
HPRegen  0.48/turn              n - ring of flight
MPRegen  0.11/turn              (no ring)

@: hasted, very quick
A: fangs 2, regeneration 1, magic shield, antimagic bite, no potion heal 3, rot
immunity
a: Renounce Religion, Evoke Flight


You were on level 4 of the Dungeon.
You worshipped Kikubaaqudgha.
Kikubaaqudgha was noncommittal.
You were hungry.

You visited 1 branch of the dungeon, and saw 4 of its levels.

You collected 151 gold pieces.

Inventory:

Hand Weapons
 r - a cursed +0 hunting sling
Missiles
 a - 4 arrows
 m - 4 javelins (quivered)
 q - 26 sling bullets
 t - 107 stones
 A - 3 needles of sleeping
 F - 4 tomahawks of returning
 G - 16 poisoned needles
 H - 18 bolts
Armour
 b - a +0 robe (worn)
 x - a +0 pair of boots (worn)
 y - a +0 pair of gloves (worn)
Jewellery
 n - a ring of flight (left hand)
Wands
 E - a wand of iceblast (9)
Scrolls
 e - a scroll of fear {unknown}
 f - 2 scrolls of magic mapping {unknown}
 h - 2 scrolls of identify {unknown}
 j - a scroll of fog {unknown}
 k - 3 scrolls of remove curse {unknown}
 s - a scroll of blinking {unknown}
 v - 2 scrolls of immolation {unknown}
 w - a scroll of teleportation {unknown}
 B - a scroll of enchant weapon {unknown}
Potions
 g - 2 potions of cancellation
 i - a potion of curing
 l - a potion of heal wounds
 z - a potion of degeneration {unknown}
 D - a potion of resistance {unknown}
Books
 c - a book of Changes

   Spells                             Type                      Level
   a - Beastly Appendage              Transmutation                1
   b - Sticks to Snakes               Transmutation                2
   c - Spider Form                    Transmutation/Poison         3
   d - Ice Form                       Ice/Transmutation            4
   e - Blade Hands                    Transmutation                5
Comestibles
 d - 5 bread rations
 o - 4 fruits
 u - 3 chunks of flesh
 C - a meat ration


   Skills:
 - Level 0.8 Fighting
 - Level 1.5 Dodging
 + Level 1.9 Stealth
 + Level 4.1 Unarmed Combat
 - Level 2.1 Spellcasting
 + Level 1.1 Necromancy
 * Level 3.9 Transmutations
 - Level 1.0 Poison Magic


You had 2 spell levels left.
You knew the following spells:

 Your Spells              Type           Power        Failure   Level  Hunger
a - Beastly Appendage     Tmut           ##....       4%          1    #......
b - Spider Form           Tmut/Pois      #.........   26%         3    ###....
c - Sticks to Snakes      Tmut           ##......     7%          2    ###....


Dungeon Overview and Level Annotations

Branches:
Dungeon (4/15)
 Temple: D:4-7

Altars:
Ashenzari
Fedhas
Kikubaaqudgha
Makhleb
Ru
Trog
Uskayaw

Annotations:
D:4 Ivernyr's ghost, novice OgWz


Innate Abilities, Weirdness & Mutations

You have extremely sharp teeth.
Your natural rate of healing is unusually fast.
When hurt, damage is shared between your health and your magic reserves.
Your bite disrupts and absorbs the magic of your enemies.
Potions cannot restore your health.
You are immune to rotting.


Message History

You bite Ivernyr's ghost!
Ivernyr's ghost is moderately damaged.
Ivernyr's ghost hits you.
* * * LOW HITPOINT WARNING * * *
Your adder closely misses Ivernyr's ghost.
Ivernyr's ghost hits your adder!
Your adder barely misses Ivernyr's ghost.
It was a potion of heal wounds.
That seemed strangely inert.
Your adder bites Ivernyr's ghost but does no damage.
Ivernyr's ghost casts a spell.
Ivernyr's ghost blinks!
It was a potion of haste.
You feel yourself speed up.
Your transformation has ended.
Your +0 pair of gloves unmelds from your body.
Your +0 pair of boots unmelds from your body.
Your +0 robe unmelds from your body.
Ivernyr's ghost casts a spell at you. The magic dart hits you!
You die...
Kikubaaqudgha rasps: "You have failed me!
Welcome... death!"

.# . .# ##.### .. #.#
##....[.8. ..#
##...##....
#.####...##..##. #..
#............... #...
###..####.<##.####
#....#....##...###.#
#.)....@..##.#####.#####
#....##..S...W.......ยง..
#.. #.....######.##### #
#....## #.# #...## ...
#...# ..... #...# .......
#...# #.......# #...#
#.......#


You could see Ivernyr's ghost and a friendly adder.

Vanquished Creatures
  An orc wizard (D:3)
  5 adders
  2 oozes
  An adder zombie (D:4)
  A worm (D:3)
  3 dart slugs
  2 leopard geckos
  10 orcs (D:3)
  2 ball pythons
  3 bats
  2 giant cockroaches
  5 goblins
  8 hobgoblins
  6 kobolds
  3 quokkas
  2 frilled lizards
  5 rats
61 creatures vanquished.

Vanquished Creatures (collateral kills)
  An orc (D:3)
1 creature vanquished.

Grand Total: 62 creatures vanquished

Notes
Turn   | Place    | Note
-------+----------+-------------------------------------------
     0 | D:1      | JackS81 the Vine Stalker Transmuter began the quest for the Orb.
     0 | D:1      | Reached XP level 1. HP: 9/9 MP: 4/4
   188 | D:1      | Reached XP level 2. HP: 14/14 MP: 4/6
   438 | D:1      | Reached skill level 1 in Stealth
   749 | D:2      | Reached XP level 3. HP: 17/17 MP: 7/7
  1042 | D:2      | Reached skill level 4 in Unarmed Combat
  1066 | D:2      | Learned a level 3 spell: Spider Form
  1514 | D:2      | Found a hide-covered altar of Uskayaw.
  1520 | D:2      | Found a burning altar of Makhleb.
  1521 | D:2      | Found a shattered altar of Ashenzari.
  1521 | D:2      | Found a bloodstained altar of Trog.
  1952 | D:3      | Gained mutation: Your natural rate of healing is unusually fast. [Vine Stalker growth]
  1952 | D:3      | Reached XP level 4. HP: 21/21 MP: 5/8
  1956 | D:3      | Learned a level 2 spell: Sticks to Snakes
  2034 | D:3      | Found a blossoming altar of Fedhas.
  2065 | D:3      | Found an ancient bone altar of Kikubaaqudgha.
  2116 | D:3      | Became a worshipper of Kikubaaqudgha
  2392 | D:3      | Reached skill level 1 in Poison Magic
  2546 | D:3      | Reached XP level 5. HP: 13/25 MP: 0/9
  2551 | D:3      | Reached skill level 1 in Necromancy
  2876 | D:3      | Found a sacrificial altar of Ru.
  2983 | D:4      | Noticed Ivernyr's ghost (novice OgWz)
  3017 | D:4      | HP: 1/25 [Ivernyr's ghost (3)]
  3020 | D:4      | Killed from afar by Ivernyr's ghost

Vault maps used:
D:1:      dpeg_arrival_houses_and_road
D:2:      minitemple, first_bread, serial_bayou_ford_a
D:3:      grunt_temple_overflow_growth_and_decay,
          nicolae_ru_the_path_less_chosen
D:4:      grunt_temple_overflow_holy_war, zin_academy,
          minmay_temple_entry_statues_pillars, minmay_bent

Skill      XL: |  1  2  3  4  5 |
---------------+----------------+-----
Stealth        | 1 |  1.9
Unarmed Combat | 4 |  4.1
Transmutations | 3 |  3.9
Poison Magic   | 1 |  1.0
Necromancy     | 1 |  1.1
Fighting       | |  0.8
Dodging        | |  1.5
Spellcasting   | |  2.1

Action                   |  1- 3 |  4- 6 || total
-------------------------+-------+-------++-------
Melee: Unarmed           |    88 |   144 ||   232
       Bite              |    15 |    33 ||    48
       Headbutt          |    11 |    25 ||    36
       Kick              |     5 |       ||     5
       Punch             |     1 |       ||     1
Throw: Javelin           |       |     4 ||     4
 Cast: Beastly Appendage |    25 |    19 ||    44
       Sticks to Snakes  |       |     8 ||     8
       Spider Form       |       |     3 ||     3
  Use: Potion            |       |     4 ||     4
 Stab: Sleeping          |       |     1 ||     1
  Eat: Chunk             |     4 |     4 ||     8
Armor: Robe              |    14 |    15 ||    29
       Skin              |       |     2 ||     2
Dodge: Dodged            |    45 |    76 ||   121

Table legend:
 A = Spawn XP
 B = Non-spawn XP
 C = Spawn XP percentage of total XP
 D = Spawn monster count
 E = Non-spawn monster count
 F = Spawn count percentage of total count
 G = Total turns spent on level
                    A         B        C        D         E        F      G
               +---------+---------+-------+---------+---------+-------+---------
         Total |       0 |     239 |   0.0 |       0 |      62 |   0.0 |  3020
               +---------+---------+-------+---------+---------+-------+---------
           D:1 |       0 |      28 |   0.0 |       0 |      14 |   0.0 |   681
           D:2 |       0 |      52 |   0.0 |       0 |      18 |   0.0 |  1243
           D:3 |       0 |     140 |   0.0 |       0 |      27 |   0.0 |  1034
           D:4 |       0 |      19 |   0.0 |       0 |       3 |   0.0 |    62
               +---------+---------+-------+---------+---------+-------+---------
